 Dungeon Crawl Stone Soup version 0.29.0-11-gd7f09526c8 (webtiles) character file.

Game seed: 2163872652339532726

2162 SensoryNuts the Basher (level 9, 0/54 HPs)
             Began as a Gargoyle Fighter on Sept 2, 2022.
             Killed by divine providence
             ... invoked by an orc priest
              (11 damage)
             ... on level 7 of the Dungeon.
             The game lasted 00:07:26 (8181 turns).

SensoryNuts the Basher (Gargoyle Fighter)           Turns: 8181, Time: 00:07:26

Health: 0/54       AC: 15    Str: 23    XL:     9   Next: 32%
Magic:  9/9        EV: 10    Int:  8    God:
Gold:   289        SH:  6    Dex: 13    Spells: 8/8 levels left

rFire   . . .      SeeInvis +   h - +0 flail (drain)
rCold   . . .      Faith    .   c - +1 buckler
rNeg    + . .      Spirit   .   b - +0 scale mail
rPois   ∞          Reflect  .   (helmet restricted)
rElec   +          Harm     .   (no cloak)
rCorr   .          Rampage  .   (no gloves)
Will    .....                   m - +0 pair of boots {Stlth+}
Stlth   +.........              (no amulet)
HPRegen 0.18/turn               l - ring of see invisible
MPRegen 0.11/turn               (no ring)

@: no status effects
A: sickness immunity, AC +6, negative energy resistance 1, electricity
resistance, torment resistance 1, petrification resistance, horns 1, agile 1
a: no special abilities


You were on level 7 of the Dungeon.
You visited 2 branches of the dungeon, and saw 8 of its levels.

You collected 289 gold pieces.

Inventory:

Hand Weapons
 a - a +1 flail
 h - a +0 flail of draining (weapon)
Armour
 b - a +0 scale mail (worn)
 c - a +1 buckler (worn)
 m - a +0 pair of boots of stealth (worn)
Jewellery
 l - a ring of see invisible (left hand)
 p - a ring of fire
 q - a ring of wizardry
Wands
 f - a wand of paralysis (2)
 g - a wand of light (9)
Scrolls
 i - 5 scrolls of identify
 j - 6 scrolls of teleportation
 n - a scroll of fear {unknown}
 o - a scroll of silence {unknown}
 r - a scroll of summoning {unknown}
 s - a scroll of blinking
Potions
 d - a potion of flight
 e - a potion of mutation
 k - a potion of brilliance
 t - a potion of degeneration {unknown}


   Skills:
 + Level 5.3 Fighting
 * Level 9.2 Maces & Flails
 + Level 6.4 Armour
 + Level 2.1 Dodging
 + Level 1.1 Stealth
 + Level 5.2 Shields


You had 8 spell levels left.
You didn't know any spells.
Your spell library contained the following spells:

 Spells                   Type           Power      Damage    Failure   Level
 Blink                    Tloc           0%         N/A       89%         2
 Wereblood                Tmut           0%         N/A       89%         2
 Dazzling Flash           Conj/Hex       0%         N/A       98%         3
 Lesser Beckoning         Tloc           0%         N/A       98%         3
 Summon Guardian Golem    Hex/Summ       0%         N/A       98%         3
 Iskenderun's Mystic Bla  Conj/Tloc      0%         2d3       100%        4
 Manifold Assault         Tloc           0%         N/A       100%        5
 Starburst                Conj/Fire      0%         6d3       100%        6
 Orb of Destruction       Conj           0%         9d5       100%        7
 Spellforged Servitor     Conj/Summ      0%         N/A       100%        7
 Summon Hydra             Summ           0%         N/A       100%        7
 Sublimation of Blood     Necr           Unusable   N/A       N/A         2

Dungeon Overview and Level Annotations

Branches:
Dungeon (7/15)             Temple (1/1) D:7

Altars:
Ashenzari
Cheibriados
Dithmenos
Elyvilon
Fedhas
Gozag
Hepliaklqana
Kikubaaqudgha
Makhleb
Nemelex Xobeh
Okawaru
Qazlal
Ru
Sif Muna
Trog
Uskayaw
Vehumet
Wu Jian
Xom
Yredelemnul
Zin
The Shining One

Shops:
D:1 (   D:5 [

Portals:
Abyss: D:3

Annotations:
D:3 2 transporters, exclusion: oklob plant, SensoryNuts's ghost, amateur GrFi
D:4 2 runed translucent doors, keekatzer's ghost, novice GrGl


Innate Abilities, Weirdness & Mutations

You are immune to sickness and miasma.
Your stone body is resilient. (AC +6)
You are immune to poison.
You resist negative energy. (rN+)
You are resistant to electric shocks. (rElec)
You are resistant to unholy torment.
You are immune to petrification.
You have a pair of small horns on your head.
You are agile. (Dex +4, Str/Int -1)


Message History

You are too injured to fight recklessly!
You are too injured to fight recklessly!
You hit the orc warrior but do no damage.
You drain the orc warrior.
You headbutt the orc warrior, but do no damage.
The orc warrior is heavily wounded.
The orc warrior barely misses you.
You barely miss the orc warrior.
The orc warrior is heavily wounded.
The orc warrior closely misses you.
You sock the orc warrior! You headbutt the orc warrior.
The orc warrior is almost dead.
You block the orc warrior's attack.
The orc priest looks satisfied for a moment.
You barely miss the orc warrior.
The orc warrior is almost dead.
The orc warrior hits you with a +0 hand axe.
An orc priest comes into view. It is wielding a +0 flail.
You barely miss the orc warrior.
The orc warrior is almost dead.
You block the orc warrior's attack.
You sock the orc warrior!
You kill the orc warrior!
You barely miss the kobold. Your headbutt misses the kobold.
The kobold hits you but does no damage.
You barely miss the kobold. The kobold hits you with a +0 dagger.
The orc priest invokes the aid of Beogh against you.
Beogh smites you!
* * * LOW HITPOINT WARNING * * *
You thump the kobold!
You kill the kobold!
You thump the orc priest!
The orc priest is severely wounded.
The orc priest hits you but does no damage.
Okay, then.
You sock the orc priest!
You kill the orc priest!
The orc priest calls down the wrath of Beogh upon you.
Beogh smites you!
You die...

...............
..............
.............
..###.#..... ...#
...#..## ...# ##.....#
...######...###
#...........#.#####.#.##
................@)o.....
###################.#.##
###≈≈≈≈≈###
##≈≈≈≈≈≈≈≈≈##
#≈≈≈≈≈≈≈≈≈≈≈#
##≈≈#######≈≈##
#≈≈≈#.....#≈≈≈#
#####.....#≈≈≈#
..........#≈≈≈#


You could see an orc priest.

Vanquished Creatures
  2 steam dragons
  Edmund (D:5)
  An ice beast (D:6)
  2 sky beasts
  A black bear (D:7)
  An orc warrior (D:7)
  An ogre (D:6)
  A centaur (D:6)
  A phantom (D:6)
  A kobold brigand (D:7)
  Blork the orc (D:5)
  A necrophage (D:5)
  A bullfrog (D:6)
  5 hounds
  5 orc priests
  A jelly (D:5)
  3 gnoll boudas
  Ijyb (D:3)
  4 orc wizards
  14 gnolls
  6 adders
  A shadow imp (D:7)
  A white imp (D:5)
  2 ufetubi
  2 worms
  20 orcs
  8 endoplasms
  4 giant cockroaches
  11 goblins
  8 hobgoblins
  11 kobolds
  A quokka (D:2)
  6 ball pythons
  5 bats
  2 frilled lizards
  4 rats
140 creatures vanquished.

Vanquished Creatures (others)
  2 fungi (D:4)
  13 plants
15 creatures vanquished.

Grand Total: 155 creatures vanquished

Notes
Turn   | Place    | Note
-------+----------+-------------------------------------------
     0 | D:1      | SensoryNuts the Gargoyle Fighter began the quest for the
                  | Orb.
     0 | D:1      | Reached XP level 1. HP: 14/14 MP: 1/1
   226 | D:1      | You fall into a shaft and drop 1 floor!
   356 | D:1      | Reached XP level 2. HP: 17/19 MP: 2/2
   421 | D:1      | Found Gehul's Antique Weapon Boutique.
   526 | D:1      | Found a faded altar of an unknown god.
  1182 | D:2      | Reached XP level 3. HP: 9/23 MP: 3/3
  1186 | D:2      | Reached skill level 3 in Maces & Flails
  1511 | D:2      | Reached XP level 4. HP: 27/29 MP: 4/4
  2306 | D:3      | Reached XP level 5. HP: 13/33 MP: 5/5
  2318 | D:3      | Reached skill level 4 in Maces & Flails
  2573 | D:3      | Found a transporter.
  2598 | D:3      | Noticed Ijyb
  2608 | D:3      | Noticed SensoryNuts's ghost (amateur GrFi)
  2620 | D:3      | Gained mutation: You have a pair of small horns on your
                  | head. [potion of mutation]
  2620 | D:3      | Gained mutation: You are agile. (Dex +4, Str/Int -1)
                  | [potion of mutation]
  2622 | D:3      | Paralysed by Ijyb for 3 turns
  2631 | D:3      | Killed Ijyb
  2910 | D:3      | Reached XP level 6. HP: 38/38 MP: 6/6
  2940 | D:3      | Found a blossoming altar of Fedhas.
  2965 | D:3      | Noticed an oklob plant
  3104 | D:3      | Found a one-way gate to the infinite horrors of the Abyss.
  3275 | D:3      | Found a transporter.
  3532 | D:4      | Found a runed translucent door.
  3572 | D:4      | Noticed keekatzer's ghost (novice GrGl)
  3583 | D:4      | Found a glowing golden altar of the Shining One.
  3583 | D:4      | Found an opulent altar of Gozag.
  3682 | D:4      | Found a sparkling altar of Nemelex Xobeh.
  3683 | D:4      | Found a hazy altar of Hepliaklqana.
  3979 | D:4      | Reached skill level 5 in Maces & Flails
  4158 | D:4      | Reached skill level 1 in Dodging
  4340 | D:4      | Found a runed translucent door.
  4665 | D:5      | Entered Level 5 of the Dungeon
  4821 | D:5      | Noticed Blork the orc
  4828 | D:5      | Reached XP level 7. HP: 26/43 MP: 7/7
  4837 | D:5      | HP: 1/43 [orc/+0 falchion (2)]
  5340 | D:5      | Killed Blork the orc
  5341 | D:5      | Reached skill level 6 in Maces & Flails
  5548 | D:5      | Found Keddippu's Armour Emporium.
  5764 | D:5      | Reached skill level 5 in Armour
  5801 | D:5      | Noticed Edmund
  5828 | D:5      | Killed Edmund
  6168 | D:6      | Reached skill level 7 in Maces & Flails
  6168 | D:6      | Reached XP level 8. HP: 21/48 MP: 8/8
  6474 | D:6      | Reached skill level 8 in Maces & Flails
  7092 | D:6      | Reached skill level 1 in Stealth
  7092 | D:6      | Reached XP level 9. HP: 53/53 MP: 9/9
  7577 | D:7      | Reached skill level 5 in Fighting
  7649 | D:7      | Reached skill level 5 in Shields
  7742 | D:7      | Reached skill level 9 in Maces & Flails
  7890 | D:7      | Noticed a rust devil
  7910 | D:7      | Found a staircase to the Ecumenical Temple.
  7921 | Temple   | Entered the Ecumenical Temple
  8181 | D:7      | Killed from afar by an orc priest

Illustrated notes

Levels and vault maps discovered:
D:1:      matt_arrival_spirals, layout_loops_ring,
          chequers_ecumenical_altar_simple_redux, serial_shops, shop
D:2:      layout_basic, st_stairs_8
D:3:      kennysheep_the_goblin_king, layout_basic, tgw_fedhas,
          gammafunk_ghost_abyssal_escape, nicolae_grassy_gnolls
D:4:      layout_loops_ring, nicolae_overflow_squiral,
          mainiacjoe_overflow_catch_the_wave, ebering_ghost_sewer_f,
          serial_aquarium, aquarium_bridge_straight [aquarium_subvault_bridge,
          aquarium_subvault_window, aquarium_subvault_bridge,
          aquarium_subvault_window], aquarium_bridge_square
          [aquarium_subvault_wall, aquarium_subvault_bridge,
          aquarium_subvault_wall, aquarium_subvault_wall],
          aquarium_window_corridor_1, aquarium_window_1, aquarium_window_2,
          aquarium_view_2g, aquarium_view_2a, aquarium_pool_2
D:5:      layout_loops_ring, serial_shops, shop, uniq_blork_the_orc, uniq_ijyb,
          uniq_edmund
D:6:      nicolae_BIG_FREAKIN_CUBE, layout_layer_cave
D:7:      layout_basic, temple_garden, serial_shops,
          nicolae_shop_advertising_works [nicolae_subvault_shop_adworks],
          serial_aquarium, aquarium_bridge_island_small
          [aquarium_subvault_small_open, aquarium_subvault_window,
          aquarium_subvault_bridge, aquarium_subvault_bridge,
          aquarium_subvault_window], aquarium_window_3, aquarium_window_fake,
          aquarium_view_2f, aquarium_view_2f, aquarium_balcony_double_2
Temple:   nicolae_temple_bog_church

Skill      XL: |  1  2  3  4  5  6  7  8  9 |
---------------+----------------------------+-----
Maces & Flails | 3 4 5 7 8 9 |  9.2
Armour         | 4 5 6 |  6.4
Fighting       | 4 5 |  5.3
Dodging        | 1 2 |  2.1
Shields        | 4 5 |  5.2
Stealth        | 1 |  1.1

Action                   |  1- 3 |  4- 6 |  7- 9 || total
-------------------------+-------+-------+-------++-------
Melee: Flail             |    98 |   219 |   258 ||   575
       Headbutt          |       |    22 |    35 ||    57
  Use: Potion            |     1 |     4 |     5 ||    10
       Scroll            |       |     9 |     1 ||    10
 Stab: Invisible         |       |     3 |       ||     3
Armor: Scale mail        |    55 |   111 |   117 ||   283
       Skin              |       |       |    13 ||    13
Dodge: Dodged            |    49 |   107 |    80 ||   236
Block: Buckler           |    18 |    58 |    58 ||   134
